 Dungeon Crawl Stone Soup version 0.31-a0-1529-g7bd419a0e5 (webtiles) character file.

Game seed: 16248406990651060181

157 grandjackal the Chopper (level 5, -5/42 HPs)
             Began as a Demonspawn Gladiator on Jan 1, 2024.
             Killed from afar by Blork the orc (11 damage)
             ... with a puff of flame
             ... on level 4 of the Dungeon.
             The game lasted 00:02:19 (2307 turns).

grandjackal the Chopper (Demonspawn Gladiator)      Turns: 2307, Time: 00:02:20

Health: -5/42      AC:  6    Str: 17    XL:     5   Next: 15%
Magic:  5/5        EV: 12    Int:  8    God:
Gold:   211        SH:  0    Dex: 20    Spells: 4/4 levels left

rFire   . . .        i - +2 hand axe (heavy)
rCold   . . .        (no shield)
rNeg    . . .        g - +0 ring mail
rPois   .            (helmet restricted)
rElec   .            h - +0 cloak
rCorr   .            (no gloves)
SInv    .            (no boots)
Will    .....        (no amulet)
Stlth   +            p - +6 ring of dexterity
HPRegen 0.27/turn    (no ring)
MPRegen 0.09/turn

%: no passive effects
@: no status effects
A: horns 1
a: no special abilities


You were on level 4 of the Dungeon.
You visited 1 branch of the dungeon, and saw 4 of its levels.

You collected 211 gold pieces.

Inventory:

Hand Weapons
 a - a +0 war axe
 i - a +2 heavy hand axe (weapon)
Missiles
 d - 3 throwing nets (quivered)
 e - a javelin
Armour
 g - a +0 ring mail (worn)
 h - a +0 cloak (worn)
Jewellery
 p - a +6 ring of dexterity (left hand)
Scrolls
 c - 7 scrolls of identify {unknown}
 j - a scroll of blinking {unknown}
 n - 2 scrolls of enchant armour {unknown}
 q - a scroll of acquirement {unknown}
 r - a scroll of fog {unknown}
 t - a scroll of noise {unknown}
Potions
 b - a potion of magic {unknown}
 f - 2 potions of curing {unknown}
 k - a potion of degeneration {unknown}
 l - a potion of might {unknown}
 m - a potion of enlightenment {unknown}
 o - a potion of berserk rage {unknown}
 s - a potion of cancellation {unknown}
 u - 2 potions of mutation {unknown}


   Skills:
 + Level 3.9 Fighting
 + Level 4.1 Axes
 - Level 2.0 Throwing
 - Level 3.0 Dodging


You had 4 spell levels left.
You didn't know any spells.
Your spell library contained the following spells:

 Spells                   Type           Power      Damage    Failure   Level
 Hailstorm                Conj/Ice       0%         3d5       94%         3
 Summon Ice Beast         Ice/Summ       0%         N/A       94%         3
 Sculpt Simulacrum        Ice/Alch       0%         N/A       100%        6


Dungeon Overview and Level Annotations

Branches:
Dungeon (4/15)
 Temple: D:4-7

Altars:
Ru
Vehumet

Shops:
D:2 !=   D:3 [

Annotations:
D:4 Blork the orc


Innate Abilities, Weirdness & Mutations

You have a pair of small horns on your head.


Message History

There is an open door here.
The goblin shouts!
An orc comes into view. It is wielding a +0 hand axe.
The goblin hits you but does no damage.
You hit the orc. You headbutt the orc.
You kill the orc!
You hit the goblin but do no damage. The goblin closely misses you.
The goblin hits you with a +0 club.
You barely miss the goblin. The goblin closely misses you.
The goblin hits you with a +0 club.
You slash the goblin!
You kill the goblin!
No target in view!
HP restored.
You now have 211 gold pieces (gained 13).
Blork the orc comes into view.
He is wielding a +0 trident.
Blork the orc is nearby!
Blork the orc is nearby!
Blork the orc casts a spell at you. The puff of frost hits you!
Blork the orc gestures at you while chanting.
The puff of flame hits you! Blork the orc barely misses you.
You hit Blork the orc.
Blork the orc is lightly wounded.
Blork the orc gestures wildly while chanting.
Blork the orc seems to speed up.
Blork the orc hits you with a +0 trident.
You slash Blork the orc! You headbutt Blork the orc.
Blork the orc is heavily wounded.
Blork the orc hits you with a +0 trident!
Blork the orc hits you with a +0 trident.
Blork the orc hits you with a +0 trident!
* * * LOW HITPOINT WARNING * * *
You barely miss Blork the orc. You headbutt Blork the orc!
Blork the orc is severely wounded.
Blork the orc barely misses you.
Blork the orc gestures at you while chanting.
The puff of flame hits you!
You die...

#....+ #....#
.###########....
..............#
..............#
..............#
..............#
......o@......###
.###+#######....#
#....# #....# .#
#....+ ..# #....#
..#
######....#..#
##.........#..#
.'.........'..+


You could see Blork the orc (fast).

Vanquished Creatures
  A bombardier beetle (D:3)
  An iguana (D:4)
  Robin (D:3)
  An adder (D:2)
  2 ribbon worms (D:3)
  An orc (D:4)
  7 ball pythons
  4 endoplasms
  2 giant cockroaches
  13 goblins
  11 hobgoblins
  7 jackals
  4 kobolds
  2 quokkas
  5 bats
  A frilled lizard (D:3)
  4 rats
67 creatures vanquished.

Notes
Turn   | Place    | Note
-------+----------+-------------------------------------------
     0 | D:1      | grandjackal the Demonspawn Gladiator began the quest for
                  | the Orb.
     0 | D:1      | Reached XP level 1. HP: 16/16 MP: 1/1
   157 | D:1      | Gained mutation: You have a pair of small horns on your
                  | head. [demonic ancestry]
   157 | D:1      | Reached XP level 2. HP: 18/22 MP: 2/2
   683 | D:1      | Reached skill level 3 in Axes
  1109 | D:2      | Found Juidisch's One-of-a-Kind Rings.
  1172 | D:2      | Reached XP level 3. HP: 28/28 MP: 3/3
  1310 | D:2      | Found a faded altar of an unknown god.
  1313 | D:2      | Found Ganefru's Distillery.
  1387 | D:2      | Found a radiant altar of Vehumet.
  1669 | D:3      | Noticed Robin
  1775 | D:3      | Killed Robin
  1776 | D:3      | Reached XP level 4. HP: 28/35 MP: 4/4
  1942 | D:3      | Found Rahas's Armour Emporium.
  2113 | D:3      | Found a sacrificial altar of Ru.
  2227 | D:4      | Reached skill level 4 in Axes
  2227 | D:4      | Reached XP level 5. HP: 42/42 MP: 5/5
  2300 | D:4      | Noticed Blork the orc
  2307 | D:4      | Killed from afar by Blork the orc

Illustrated notes

Levels and vault maps discovered:
D:1:      minmay_arrival_open_corners, layout_basic
D:2:      layout_rooms, dreamdust_ecumenical_altar_grove, basic_altar,
          serial_forest, infiniplex_forest_clump_cross,
          infiniplex_forest_clump_long, infiniplex_forest_clump_tiny,
          infiniplex_forest_clump_long, infiniplex_forest_end_2,
          infiniplex_forest_clump_double, infiniplex_forest_fountain,
          serial_shops, nicolae_shop_pleasant_corner_grove,
          nicolae_shop_unique_rings
D:3:      layout_rooms, jmf_multi_god_temple, serial_shops, shop, uniq_robin
D:4:      layout_gridville, uniq_blork_the_orc, uniq_pikel

Skill      XL: |  1  2  3  4 |
---------------+-------------+-----
Throwing       | 2 |  2.0
Axes           | 3 4 |  4.1
Dodging        | 3 |  3.0
Fighting       | 3 |  3.9

Action                     |  1- 3 |  4- 6 || total
---------------------------+-------+-------++-------
  Melee: War axe           |    36 |       ||    36
         Hand axe          |    43 |    43 ||    86
         Headbutt          |     6 |    10 ||    16
         Punch             |       |     1 ||     1
 Armour: Leather armour    |     9 |       ||     9
         Ring mail         |    53 |    40 ||    93
  Dodge: Dodged            |    73 |    28 ||   101

Table legend: (Time is in decaauts)
 A = Elapsed time spent in this place.
 B = Non-inter-level travel time spent in this place.
 C = Inter-level travel time spent in this place.
 D = Time resting spent in this place.
 E = Time spent auto-exploring this place.
 F = Levels seen in this place.
 G = Mean time per level.
                   A        B        C        D        E       F      G
               +--------+--------+--------+--------+--------+-----+--------+
         Total |   2378 |   2264 |    114 |    217 |   1568 |   4 |  594.5 |
       Dungeon |   2378 |   2264 |    114 |    217 |   1568 |   4 |  594.5 |
               +--------+--------+--------+--------+--------+-----+--------+

Top non-repeatable levels by time:
     D:1: 1119 daAuts
     D:2: 734 daAuts
     D:3: 434 daAuts
     D:4: 89 daAuts
